 Dungeon Crawl Stone Soup version 0.30-a0-358-g0d69a1922f (webtiles) character file.

Game seed: 2739509261551439261

767 melkoren the Chopper (level 7, -3/62 HPs)
             Began as a Minotaur Berserker on Nov 9, 2022.
             Was a Priest of Trog.
             Slain by a centaur (4 damage)
             ... on level 5 of the Dungeon.
             The game lasted 00:14:21 (4505 turns).

melkoren the Chopper (Minotaur Berserker)           Turns: 4505, Time: 00:14:21

Health: -3/62      AC:  7    Str: 22    XL:     7   Next: 52%
Magic:  6/6        EV: 12    Int: 10    God:    Trog [***...]
Gold:   249        SH:  0    Dex: 11    Spells: 6/6 levels left

rFire   . . .      SeeInvis .    z - +2 war axe (vorpal)
rCold   . . .      Faith    .    (no shield)
rNeg    . . .      Spirit   .    c - +0 ring mail
rPois   .          Reflect  .    (helmet restricted)
rElec   .          Harm     .    (no cloak)
rCorr   .          Rampage  .    l - +0 pair of gloves
Will    .....                    (no boots)
Stlth   +.........               (no amulet)
HPRegen 0.30/turn                I - +6 ring of intelligence
MPRegen 0.10/turn                (no ring)

@: on berserk cooldown, slowed, very slow
A: horns 2, retaliatory headbutt
a: Renounce Religion, Berserk, Trog's Hand


You were on level 5 of the Dungeon.
You worshipped Trog.
Trog was most pleased with you.
You visited 1 branch of the dungeon, and saw 5 of its levels.

You collected 249 gold pieces.


Innate Abilities, Weirdness & Mutations

You have a pair of horns on your head.
You reflexively headbutt those who attack you in melee.


   Skills:
 + Level 5.8 Fighting
 * Level 7.3 Axes
 + Level 5.0 Armour
 + Level 4.6 Dodging


You had 6 spell levels left.
You didn't know any spells.
Your spell library contained the following spells:

 Spells                   Type           Power      Damage    Failure   Level
 Animate Armour           Summ/Erth      0%         N/A       99%         4
 Blade Hands              Tmut           0%         N/A       100%        5
 Iron Shot                Conj/Erth      0%         9d1       100%        6

Inventory:

Hand Weapons
 a - a +0 hand axe
 i - a +1 dagger of venom
   (You took it off a goblin on level 1 of the Dungeon)
 z - a +2 vorpal war axe (weapon)
   (You took it off an orc on level 4 of the Dungeon)
Missiles
 e - a throwing net {=f!f}
 h - 14 stones (quivered)
Armour
 b - a +0 animal skin
 c - a +0 ring mail (worn)
   (You found it on level 2 of the Dungeon)
 k - a +0 ring mail
   (You found it on level 2 of the Dungeon)
 l - a +0 pair of gloves (worn)
   (You found it on level 1 of the Dungeon)
 p - a +0 ring mail
   (You found it on level 3 of the Dungeon)
 q - a +2 leather armour of poison resistance
   (You took it off Ijyb on level 3 of the Dungeon)
 t - a +0 chain mail
   (You found it on level 4 of the Dungeon)
 u - a +0 robe
   (You took it off an orc wizard on level 4 of the Dungeon)
 v - a +0 ring mail
   (You took it off an orc on level 4 of the Dungeon)
 w - a +0 leather armour
   (You took it off an orc on level 4 of the Dungeon)
 x - a +0 chain mail
   (You took it off an orc on level 4 of the Dungeon)
 A - a +0 leather armour
   (You found it on level 4 of the Dungeon)
 B - a +0 cloak
   (You found it on level 5 of the Dungeon)
 C - a +0 ring mail
   (You found it on level 4 of the Dungeon)
 F - a +0 leather armour
   (You took it off an orc on level 5 of the Dungeon)
 G - a +0 ring mail
   (You took it off an orc on level 5 of the Dungeon)
Magical Staves
 f - a staff of cold {forbidden!a}
   (You found it on level 1 of the Dungeon)
Jewellery
 I - a +6 ring of intelligence (left hand)
   (You found it on level 2 of the Dungeon)
Wands
 r - a wand of polymorph (10)
   (You took it off Ijyb on level 3 of the Dungeon)
 y - a wand of digging (4)
   (You took it off an orc on level 4 of the Dungeon)
 E - a wand of charming (1)
   (You found it on level 5 of the Dungeon)
Scrolls
 g - 4 scrolls of identify {@r1}
 n - a scroll of magic mapping {!r}
 s - 2 scrolls of teleportation {@r4}
 H - a scroll of vulnerability {unknown}
Potions
 d - a potion of mutation {!q}
 m - a potion of lignification {!q}
 D - a potion of magic

Dungeon Overview and Level Annotations

Branches:
Dungeon (5/15) Zot: 25469
 Temple: D:4-7

Altars:
Ashenzari
Nemelex Xobeh
Sif Muna
The Shining One

.......###.###....#
.......#⌠...⌠#....#
.#...###.....###.[#
#....#⌠...<...⌠#..#
.#...###.....###..#
.......#⌠...⌠#....#
.......###.###....#
###.##.c.#⌠#.....##
#. ##@.###.#..## #
#......#.##
#..##.##.# #..# ...
#..# #### #..? #.##
..# ##


You could see a centaur.


Message History

You feel very sick.
The gnoll hits you with a +0 spear of venom.
You are more poisoned.
You see here a +0 club. 😮 HP[-4]
You take 4 damage, and now have 40/62 hp.
You closely miss the gnoll. Your headbutt misses the gnoll.
You feel very sick.
The gnoll hits you with a +0 spear of venom.
* * * LOW HITPOINT WARNING * * *
You are more poisoned. 😨 HP[-10]
You take 10 damage, and now have 30/62 hp.
You barely miss the gnoll.
* * * LOW HITPOINT WARNING * * *
You feel extremely sick.
The gnoll hits you with a +0 spear of venom.
* * * LOW HITPOINT WARNING * * *
You are more poisoned. 😨 HP[-14]
You take 14 damage, and now have 16/62 hp.
MASSIVE DAMAGE!! (PAUSE)
You feel better. The gnoll barely misses you. You furiously retaliate!
You headbutt the gnoll. 😨 HP[+11]
You regained 11 hp, and now have 27/62 hp.
Really quaff
j - a potion of berserk rage {!q}?
A red film seems to cover your vision as you go berserk!
You feel yourself moving faster!
You feel mighty! The gnoll misses you. You furiously retaliate!
You headbutt the gnoll!!
You kill the gnoll!
Trog accepts your kill. 😨 HP[+14]
You now have 93 max hp (+31).
You regained 14 hp, and now have 41/93 hp.
A gnoll sergeant and a gnoll come into view.
The gnoll sergeant is wielding a +1 spear of flaming.
You feel a strong urge to attack something.
The gnoll sergeant shouts!
A gnoll comes into view. It is wielding a +0 club.
The gnoll sergeant moves out of view.
You see here a +0 spear of venom.
You see here a +0 club.
You feel your anger nearly subside.
You are no longer berserk.
You are exhausted.
You feel yourself slow down. 😨 HP[-13]
You now have 62 max hp (-31). 😨 HP[+1] 😨 HP[+1]
The gnoll sergeant hits you from afar with a +1 spear of flaming!
* * * LOW HITPOINT WARNING * * *
The gnoll sergeant burns you.
* * * LOW HITPOINT WARNING * * *
😨 HP[-10]
You take 10 damage, and now have 20/62 hp. 😨 HP[+1]
The gnoll sergeant hits you but does no damage. 😨 HP[+1]
The gnoll sergeant hits you but does no damage.
Okay, then.
As you read the scroll of teleportation {@r4}, it crumbles to dust.
You feel strangely unstable.
The gnoll sergeant hits you from afar with a +1 spear of flaming.
* * * LOW HITPOINT WARNING * * *
The gnoll sergeant burns you.
* * * LOW HITPOINT WARNING * * *
😨 HP[-4]
You take 4 damage, and now have 18/62 hp.
Your surroundings suddenly seem different.
The centaur shouts!
The centaur wields a +0 shortbow.
The centaur shoots an arrow.
The arrow hits you!
* * * LOW HITPOINT WARNING * * *
The centaur shoots an arrow.
The arrow misses you. 😱 HP[-10]
You take 10 damage, and now have 8/62 hp.
Okay, then.
Unknown command.
The centaur shoots an arrow.
The arrow barely misses you.
You see here a +0 ring mail.
You barely miss the centaur. You headbutt the centaur.
The centaur unwields a +0 shortbow.
The centaur hits you.
* * * LOW HITPOINT WARNING * * *
The centaur kicks you.
* * * LOW HITPOINT WARNING * * *
The centaur hits you.
* * * LOW HITPOINT WARNING * * *
The centaur completely misses you. 😱 HP[-5]
You take 5 damage, and now have 3/62 hp.
You closely miss the centaur. You headbutt the centaur. The centaur hits you.
* * * LOW HITPOINT WARNING * * *
The centaur barely misses you.
The centaur hits you but does no damage.
The centaur kicks you.
* * * LOW HITPOINT WARNING * * *
The centaur hits you.
You die...

Skill      XL: |  1  2  3  4  5  6  7 |
---------------+----------------------+-----
Axes           | 4 5 6 7 |  7.3
Fighting       | 4 5 |  5.8
Armour         | 3 4 5 |  5.0
Dodging        | 3 4 |  4.6

Action                   |  1- 3 |  4- 6 |  7- 9 || total
-------------------------+-------+-------+-------++-------
Melee: Hand axe          |    67 |       |       ||    67
       Headbutt          |    13 |    22 |    10 ||    45
       Dagger            |     9 |   151 |    12 ||   172
       Unarmed           |       |    10 |       ||    10
       Punch             |       |     1 |     1 ||     2
       War axe           |       |       |    17 ||    17
Throw: Stone             |    49 |       |       ||    49
  Use: Potion            |     2 |     5 |     2 ||     9
       Scroll            |     4 |     3 |     4 ||    11
Armor: Animal skin       |    11 |       |       ||    11
       Ring mail         |       |    38 |     5 ||    43
       Skin              |       |     1 |       ||     1
Dodge: Dodged            |    43 |    81 |    23 ||   147

Levels and vault maps discovered:
D:1:      minmay_arrival_shattered_statue, layout_loops_ring,
          hellmonk_ecumenical_altar_zigzags
D:2:      layout_loops_ring
D:3:      layout_rooms, nicolae_grassy_gnolls, uniq_ijyb
D:4:      layout_loops_ring, mainiacjoe_overflow_alcove_3
D:5:      layout_loops_ring, nicolae_fountain_basement

Notes
Turn   | Place    | Note
-------+----------+-------------------------------------------
     0 | D:1      | melkoren the Minotaur Berserker began the quest for the
                  | Orb.
     0 | D:1      | Reached XP level 1. HP: 19/19 MP: 0/0
     0 | D:1      | magus.rc [v1.11.3]
   180 | D:1      | Reached XP level 2. HP: 21/27 MP: 1/1
   181 | D:1      | Reached skill level 4 in Axes
   243 | D:1      | Found a faded altar of an unknown god.
   583 | D:1      | Reached skill level 4 in Fighting
   584 | D:1      | Reached XP level 3. HP: 33/33 MP: 2/2
   584 | D:1      | Reached ** piety under Trog
  1285 | D:2      | Reached skill level 3 in Armour
  1543 | D:2      | Reached XP level 4. HP: 40/40 MP: 3/3
  1916 | D:2      | Reached skill level 3 in Dodging
  2103 | D:3      | Reached skill level 5 in Axes
  2125 | D:3      | Reached XP level 5. HP: 32/47 MP: 4/4
  2542 | D:3      | Noticed Ijyb
  2603 | D:3      | Killed Ijyb
  2863 | D:4      | You pick up a book of Iron {forbidden} and begin reading...
  2863 | D:4      | You add the spells Animate Armour, Blade Hands and Iron
                  | Shot to your library.
  2903 | D:4      | Reached XP level 6. HP: 31/55 MP: 5/5
  3011 | D:4      | Reached skill level 5 in Fighting
  3011 | D:4      | Reached skill level 4 in Armour
  3107 | D:4      | Reached skill level 6 in Axes
  3168 | D:4      | Reached *** piety under Trog
  3183 | D:4      | Reached skill level 4 in Dodging
  3604 | D:4      | Reached XP level 7. HP: 29/61 MP: 6/6
  3921 | D:4      | Found a shimmering blue altar of Sif Muna.
  3922 | D:4      | Found a glowing golden altar of the Shining One.
  3924 | D:4      | Found a broken altar of Ashenzari.
  3924 | D:4      | Found a sparkling altar of Nemelex Xobeh.
  4137 | D:5      | Entered Level 5 of the Dungeon
  4250 | D:5      | Reached skill level 7 in Axes
  4482 | D:5      | Reached skill level 5 in Armour
  4502 | D:5      | HP: 8/62 [centaur/arrow (10)]
  4504 | D:5      | HP: 3/62 [centaur (3)]
  4505 | D:5      | HP: 1/62 [centaur (1)]
  4505 | D:5      | Slain by a centaur

Vanquished Creatures
  An ogre (D:4)
  A phantom (D:5)
  3 scorpions
  2 hounds
  A jelly (D:4)
  Ijyb (D:3)
  An iguana (D:4)
  An orc wizard (D:4)
  12 gnolls
  6 adders
  A worm (D:2)
  A dart slug (D:3)
  7 orcs
  7 endoplasms
  2 giant cockroaches (D:1)
  8 goblins
  9 hobgoblins
  7 jackals (D:1)
  6 quokkas
  7 ball pythons
  6 bats
  A frilled lizard (D:3)
  6 kobolds
  8 rats
105 creatures vanquished.

Vanquished Creatures (others)
  7 plants (D:3)
7 creatures vanquished.

Grand Total: 112 creatures vanquished

Table legend:
 A = Non-vault XP
 B = Vault XP
 C = Vault XP percentage of total XP
 D = Non-vault monster count
 E = Vault monster count
 F = Vault count percentage of total count
                 A         B        C        D         E       F
            +---------+---------+-------+---------+---------+-------
      Total |     834 |     263 |  24.0 |      99 |       6 |   5.7
            +---------+---------+-------+---------+---------+-------
        D:1 |      56 |       0 |   0.0 |      32 |       0 |   0.0
        D:2 |      70 |       0 |   0.0 |      14 |       0 |   0.0
        D:3 |     118 |      81 |  40.7 |      21 |       4 |  16.0
        D:4 |     473 |       0 |   0.0 |      26 |       0 |   0.0
        D:5 |     117 |     182 |  60.9 |       6 |       2 |  25.0
            +---------+---------+-------+---------+---------+-------

Illustrated notes

Table legend:
 A = Kills in this place as a percentage of kills in entire the game.
 B = Kills by you in this place as a percentage of kills by you in the entire game.
 C = Kills by friends in this place as a percentage of kills by friends in the entire game.
 D = Other kills in this place as a percentage of other kills in the entire game.
 E = Experience gained in this place as a percentage of experience gained in the entire game.
 F = Experience gained in this place divided by the number of levels of this place that you have seen.
                   A       B       C       D       E      F
               +-------+-------+-------+-------+-------+----------------------
         Total | 100.0 | 100.0 |   N/A |   N/A | 100.0 | 219.4
       Dungeon | 100.0 | 100.0 |   N/A |   N/A | 100.0 | 219.4
               +-------+-------+-------+-------+-------+----------------------

Table legend: (Time is in decaauts)
 A = Elapsed time spent in this place.
 B = Non-inter-level travel time spent in this place.
 C = Inter-level travel time spent in this place.
 D = Time resting spent in this place.
 E = Time spent auto-exploring this place.
 F = Levels seen in this place.
 G = Mean time per level.
                   A        B        C        D        E       F      G
               +--------+--------+--------+--------+--------+-----+--------+
         Total |   4529 |   4320 |    209 |   1159 |   2330 |   5 |  905.8 |
       Dungeon |   4529 |   4320 |    209 |   1159 |   2330 |   5 |  905.8 |
               +--------+--------+--------+--------+--------+-----+--------+

Top non-repeatable levels by time:
     D:4: 1443 daAuts
     D:1: 1254 daAuts
     D:2: 831 daAuts
     D:3: 786 daAuts
     D:5: 213 daAuts
